 Dungeon Crawl Stone Soup version 0.32-a0-360-gcd93b57ba1 (webtiles) character file.

Game seed: 16805155117572341692

2055 Goblin1989 the Basher (level 9, 0/64 HPs)
             Began as a Coglin Gladiator on Feb 18, 2024.
             Was an Initiate of Gozag.
             Slain by a gnoll
             ... wielding a +0 halberd
             ... led by a gnoll bouda
              (10 damage)
             ... on level 7 of the Dungeon.
             The game lasted 00:11:29 (5217 turns).

Goblin1989 the Basher (Coglin Gladiator)            Turns: 5217, Time: 00:11:30

Health: 0/64       AC:  9    Str: 19    XL:     9   Next: 25%
Magic:  9/9        EV: 11    Int:  7    God:    Gozag
Gold:   497        SH:  0    Dex: 16    Spells: 8/8 levels left

rFire   . . .        a - +0 flail {Caihong}
rCold   . . .        B - +0 flail {Wanphen}
rNeg    . . .        u - +0 scale mail
rPois   .            c - +0 helmet
rElec   .            (no cloak)
rCorr   .            p - +0 pair of gloves
SInv    .            s - +0 pair of boots
Will    .....        (no amulet) Stlth
                     (no ring)
HPRegen 0.30/turn    (no ring)
MPRegen 0.11/turn

%: no passive effects
@: weakened, gold aura, revving
A: off-hand wielding, slow wielding, warmup strikes, warmup strides
a: Renounce Religion, Potion Petition, Call Merchant, Bribe Branch


You were on level 7 of the Dungeon.
You worshipped Gozag.
Gozag was aware of your devotion.
You visited 2 branches of the dungeon, and saw 8 of its levels.

You collected 550 gold pieces.
You paid 53 gold pieces to Gozag.

Inventory:

Hand Weapons
 a - a +0 flail (weapon) {Caihong}
 B - a +0 flail (worn) {Wanphen}
Missiles
 d - 3 throwing nets (quivered) {!d , @Q1}
 e - 6 javelins {@Q3}
 y - 7 poisoned darts
Armour
 c - a +0 helmet (worn)
 p - a +0 pair of gloves (worn)
 r - a +0 plate armour
 s - a +0 pair of boots (worn)
 u - a +0 scale mail (worn)
 E - the +2 leather armour "Bittef" {Dex+3}
   (You found it on level 4 of the Dungeon)

   Dex+3:     It affects your dexterity (+3).
 G - a +0 chain mail
Jewellery
 o - a ring of fire
 D - a ring of positive energy
Wands
 v - a wand of quicksilver (6)
 z - a wand of polymorph (20)
 F - a wand of digging (6) {@v3}
 I - a wand of paralysis (6) {@v2}
Scrolls
 f - 6 scrolls of teleportation {unknown}
 j - a scroll of amnesia {unknown}
 m - 7 scrolls of identify {unknown}
 n - a scroll of butterflies {unknown}
 A - 2 scrolls of enchant armour {unknown}
 C - a scroll of immolation {unknown}
Potions
 i - a potion of enlightenment {unknown}
 k - 2 potions of curing {unknown}
 l - a potion of brilliance {unknown}
 q - 2 potions of haste {unknown}
 t - 2 potions of mutation {unknown}
 w - 2 potions of cancellation {unknown}
 x - a potion of berserk rage {unknown}
 H - a potion of heal wounds {unknown}


   Skills:
 + Level 3.3 Fighting
 * Level 10.3 Maces & Flails
 - Level 1.7 Throwing
 + Level 2.2 Armour
 + Level 3.6 Dodging


You had 8 spell levels left.
You didn't know any spells.
Your spell library contained the following spells:

 Spells                   Type           Power      Damage    Failure   Level
 Sting                    Conj/Alch      0%         1d3       80%         1
 Mercury Vapours          Alch/Air       0%         N/A       91%         2
 Olgreb's Toxic Radiance  Alch           0%         N/A       100%        4


Dungeon Overview and Level Annotations

Branches:
Dungeon (6/15) Zot: 26741  Temple (1/1) D:4 Zot: 5986

Altars:
Ashenzari
Cheibriados
Dithmenos
Fedhas
Gozag
Hepliaklqana
Makhleb
Nemelex Xobeh
Qazlal
Ru
Sif Muna
Trog
Vehumet
Wu Jian
Xom
Yredelemnul
Zin
The Shining One

Shops:
D:2 (   D:3 !

Annotations:
D:4 1 runed translucent door, Crazy Yiuf
D:6 Sigmund


Innate Abilities, Weirdness & Mutations

You can wield a second weapon in your off-hand.
It takes a long time for you to wield or remove held weapons.
Your first few attacks do less damage.
Your first movements take longer.


Message History

The orc warrior struggles against the net.
You take 11 damage, and have 51/62 hp.
You thump the orc warrior with your +0 flail!
You kill the orc warrior!
Your Fighting skill increases to level 3!
The iguana closely misses you. x2
Items here: $ ( ) [.
You thump the iguana with your +0 flail!
The iguana is moderately wounded.
You thump the iguana with your +0 flail!
The iguana closely misses you.
You sock the iguana with your +0 flail!
You kill the iguana!
You thump the orc priest with your +0 flail!
The orc priest is severely wounded.
You thump the orc priest with your +0 flail!
You kill the orc priest!
Your Armour skill increases to level 2!
You hit the orc wizard with your +0 flail.
The orc wizard is lightly wounded.
You sock the orc wizard with your +0 flail!
You kill the orc wizard!
You sock the orc with your +0 flail!
You kill the orc!
You now have 492 gold pieces (gained 39).
d - 3 throwing nets {!d , @Q1} (gained 2)
Items here: )))) [[.
As you open the door, it creaks loudly!
Menkaure, Prince of Dust comes into view.
There is an open door here.
You sock Menkaure with your +0 flail!
Menkaure is moderately damaged.
You thump Menkaure with your +0 flail! Menkaure hits you!
You take 16 damage, and have 44/63 hp.
MASSIVE DAMAGE!!
You barely miss Menkaure with your +0 flail.
Menkaure is almost destroyed.
You completely miss Menkaure with your +0 flail.
Menkaure mumbles some strange words.
Menkaure seems to speed up.
You hit Menkaure but do no damage.
Menkaure is almost destroyed.
You barely miss Menkaure with your +0 flail.
Menkaure calls on the powers of darkness!
Your body is wracked with pain!
* * * LOW HITPOINT WARNING * * *
You take 20 damage, and have 24/63 hp.
MASSIVE DAMAGE!!
You hit Menkaure with your +0 flail.
Menkaure is almost destroyed.
You sock Menkaure with your +0 flail!
You destroy Menkaure!
You start resting.
HP restored.
Health restored: 64 You now have 497 gold pieces (gained 5).
Found a sharpened copper wand.
Found a stone staircase leading down.
I - a wand of paralysis (6) {@v2}
There is a stone staircase leading down here.
A gnoll bouda and 2 gnolls come into view.
The gnoll bouda shouts!
The gnoll shouts!
A gnoll comes into view. It is wielding a +0 halberd.
The gnoll bouda gazes fiercely through you!
You feel your attacks grow feeble.
The gnoll shouts!
The gnoll bouda barks out a call to the hunt!
The gnolls pick up the pace!
You hit the gnoll with your +0 flail.
The gnoll is moderately wounded.
You completely miss the gnoll with your +0 flail.
The gnoll hits you from afar with a +0 halberd!
The gnoll hits you with a +0 club.
You take 12 damage, and have 52/64 hp.
The gnoll barely misses you. The gnoll hits you with a +0 club!
The gnoll hits you with a +0 halberd!
The gnoll bouda gazes fiercely through you!
You feel as though you will be weak longer.
The gnoll hits you with a +0 club.
You take 20 damage, and have 32/64 hp.
MASSIVE DAMAGE!!
You sock the gnoll with your +0 flail!
The gnoll is severely wounded.
You closely miss the gnoll with your +0 flail.
The gnoll hits you but does no damage.
You hit the gnoll with your +0 flail.
You kill the gnoll!
The gnoll misses you.
You hit the gnoll bouda with your +0 flail.
The gnoll bouda is lightly wounded.
You barely miss the gnoll bouda with your +0 flail.
The gnoll hits you with a +0 club.
* * * LOW HITPOINT WARNING * * *
The gnoll bouda hits you with a +0 whip.
* * * LOW HITPOINT WARNING * * *
The gnoll hits you from afar with a +0 halberd!
* * * LOW HITPOINT WARNING * * *
You take 20 damage, and have 12/64 hp.
MASSIVE DAMAGE!!
The gnoll hits you with a +0 club.
* * * LOW HITPOINT WARNING * * *
The gnoll hits you from afar with a +0 halberd!
You die...
Your body crumbles into a pile of gold.

█.█.. ███.█ █....
. ....█ ███..██ ..
..█.█ █...██ ...
█.█.█ ██...█ ...
█...██████..███ ..
█.......█...█
█.██.█.....█.█.███
█..@g..██..>.....█
████g█.███.███.█.█
█g█.....█ ..█.█
█.███████ ███ █
█.█ █.█ █.█ █.█
█.█


You could see a gnoll bouda and 2 gnolls.

Vanquished Creatures
  Menkaure (D:7)
  2 ice beasts
  An orc warrior (D:7)
  A black bear (D:5)
  3 ogres
  2 phantoms
  3 bullfrogs
  2 scorpions (D:5)
  A howler monkey (D:4)
  A gnoll bouda (D:4)
  A bombardier beetle (D:5)
  4 hounds
  2 orc priests
  A jelly (D:4)
  Ijyb (D:3)
  A sleepcap (D:7)
  Jessica (D:3)
  2 iguanas
  An orc wizard (D:7)
  Natasha (thrice) (D:4)
  10 gnolls
  7 adders
  3 ribbon worms
  2 dart slugs
  6 orcs
  4 ball pythons
  6 bats
  10 endoplasms
  A giant cockroach (D:4)
  7 hobgoblins
  2 jackals
  6 kobolds
  3 quokkas
  A frilled lizard (D:1)
  7 goblins
  2 rats (D:3)
111 creatures vanquished.

Notes
Turn   | Place    | Note
-------+----------+-------------------------------------------
     0 | D:1      | Goblin1989 the Coglin Gladiator began the quest for the
                  | Orb.
     0 | D:1      | Reached XP level 1. HP: 16/16 MP: 1/1
    82 | D:1      | Reached skill level 3 in Maces & Flails
    88 | D:1      | Reached XP level 2. HP: 14/22 MP: 2/2
   385 | D:1      | Reached XP level 3. HP: 24/27 MP: 3/3
   975 | D:2      | Reached skill level 4 in Maces & Flails
  1184 | D:2      | Found Pydiru's Weapon Shoppe.
  1575 | D:3      | Reached XP level 4. HP: 33/33 MP: 4/4
  1606 | D:3      | Noticed a phantom
  1616 | D:3      | Killed a phantom
  1617 | D:3      | Reached skill level 5 in Maces & Flails
  1617 | D:3      | Reached XP level 5. HP: 28/38 MP: 5/5
  1747 | D:3      | Noticed Ijyb
  1761 | D:3      | Killed Ijyb
  1830 | D:3      | Found Ranun's Distillery.
  1893 | D:3      | Found a bloodstained altar of Trog.
  1979 | D:3      | Noticed Jessica
  1985 | D:3      | Killed Jessica
  2195 | D:4      | Reached skill level 6 in Maces & Flails
  2195 | D:4      | Reached XP level 6. HP: 12/44 MP: 6/6
  2561 | D:4      | Found a staircase to the Ecumenical Temple.
  2701 | D:4      | Noticed Natasha
  2724 | Temple   | Entered the Ecumenical Temple
  2730 | Temple   | Became a worshipper of Gozag Ym Sagoz the Greedy
  2742 | D:4      | Killed Natasha
  2743 | D:4      | Reached skill level 7 in Maces & Flails
  2864 | D:4      | Identified the +2 leather armour "Bittef" {Dex+3}
  2891 | D:4      | Reached XP level 7. HP: 50/50 MP: 7/7
  3202 | D:4      | Found a blossoming altar of Fedhas.
  3205 | D:4      | Noticed Natasha
  3213 | D:4      | Killed Natasha
  3494 | D:4      | Found a runed translucent door.
  3495 | D:4      | Noticed Crazy Yiuf
  3545 | D:4      | Noticed Natasha
  3553 | D:4      | Killed Natasha
  3730 | D:5      | Entered Level 5 of the Dungeon
  3752 | D:5      | Reached skill level 8 in Maces & Flails
  3821 | D:5      | Found a hazy altar of Hepliaklqana.
  3856 | D:5      | Reached XP level 8. HP: 56/56 MP: 8/8
  3885 | D:5      | Reached skill level 9 in Maces & Flails
  4531 | D:6      | Noticed Sigmund
  4951 | D:5      | Reached skill level 1 in Armour
  4972 | D:5      | You fall into a shaft and drop 2 floors!
  4989 | D:7      | Reached skill level 10 in Maces & Flails
  4994 | D:7      | Reached XP level 9. HP: 60/62 MP: 9/9
  5050 | D:7      | Noticed Menkaure
  5055 | D:7      | Killed Menkaure
  5217 | D:7      | Slain by a gnoll

Illustrated notes

Levels and vault maps discovered:
D:1:      grunt_arrival_lava_bath, layout_loops_ring, serial_glass,
          glass_columns_b, glass_columns_b, minmay_strange_pillars,
          feat_on_display, due_unseen_surprise, item_on_display_a
D:2:      layout_basic, serial_shops, nicolae_shop_back_alley_shop
D:3:      layout_rooms, lightli_temple_of_fire, serial_shops, shop,
          uniq_jessica, uniq_ijyb
D:4:      layout_cave_pods, mainiacjoe_overflow_surrounded_room, temple_doors_e,
          cheibrodos_gnoll_hut, uniq_crazy_yiuf_cottage, uniq_natasha
D:5:      minmay_recursive_quarters, layout_gridville,
          mainiacjoe_overflow_alcove_1
D:6:      layout_loops_ring, uniq_jeremiah, uniq_edmund, uniq_eustachio,
          uniq_sigmund
D:7:      layout_basic, kennysheep_mini_moat, minmay_increasing_density,
          uniq_duvessa, uniq_menkaure
Temple:   hellmonk_temple_of_storms

Skill      XL: |  1  2  3  4  5  6  7  8  9 |
---------------+----------------------------+-----
Maces & Flails | 3 4 5 6 7 8 10 | 10.3
Armour         | 1 2 |  2.2
Dodging        | 3 |  3.6
Fighting       | 3 |  3.3
Throwing       | |  1.7

Action                     |  1- 3 |  4- 6 |  7- 9 || total
---------------------------+-------+-------+-------++-------
  Melee: Flail             |    66 |   123 |   258 ||   447
         Whip              |    39 |    82 |       ||   121
  Throw: Throwing net      |       |       |     3 ||     3
    Use: Scroll            |       |       |     1 ||     1
   Stab: Held in net/web   |       |       |     3 ||     3
 Armour: Leather armour    |    44 |       |       ||    44
         Scale mail        |       |    95 |    90 ||   185
  Dodge: Dodged            |    32 |    78 |    68 ||   178

Table legend: (Time is in decaauts)
 A = Elapsed time spent in this place.
 B = Non-inter-level travel time spent in this place.
 C = Inter-level travel time spent in this place.
 D = Time resting spent in this place.
 E = Time spent auto-exploring this place.
 F = Levels seen in this place.
 G = Mean time per level.
                   A        B        C        D        E       F      G
               +--------+--------+--------+--------+--------+-----+--------+
         Total |   5453 |   5218 |    235 |    457 |   3634 |   8 |  681.6 |
       Dungeon |   5439 |   5204 |    235 |    457 |   3634 |   7 |  777.0 |
        Temple |     13 |     13 |      0 |      0 |      0 |   1 |   13.0 |
               +--------+--------+--------+--------+--------+-----+--------+

Top non-repeatable levels by time:
     D:4: 1481 daAuts
     D:5: 1000 daAuts
     D:3: 896 daAuts
     D:2: 874 daAuts
     D:1: 752 daAuts
     D:7: 256 daAuts
     D:6: 177 daAuts
  Temple: 13 daAuts
